[Event "Svetozar Gligoric Masters 2022"]
[Site "Belgrade"]
[Date "2022.07.23"]
[Round "9.6"]
[White "Vaibhav Jayant Raut"]
[Black "Pranav Vijay"]
[Result "0-1"]
[ECO "D02"]
[WhiteElo "2169"]
[BlackElo "2265"]
[Annotator "TA"]
[PlyCount "84"]
[EventDate "2022.07.18"]
[EventCountry "SRB"]
[SourceTitle "playchess.com"]
[Source "ChessBase"]
[SourceQuality "1"]
[TimeControl "40/5400+30:900+30"]

1. d4 Nf6 2. Bf4 c5 3. e3 Qb6 4. Nc3 e6 5. Nf3 d5 6. Nb5 {D02: 1 d4 d5 2 Nf3 sidelines, including 2...Nf6 3 g3 and 2...Nf6 3 Bf4.} Na6 {Inhibits Bc7.} 7. a4 Be7 8. h3 {White is slightly better.} O-O 9. Be2 Bd7 10. O-O c4 {[#]} 11. b3 $146 ({Predecessor:} 11. Ne5 Rac8 12. Bg5 Nb8 13. e4 a6 14. Nc3 Qxb2 15. Qd2 Bb4 16. Bxf6 gxf6 17. Ng4 Be7 18. Rfb1 {1-0 (18) Lugovskoy,M (2425)-Shopanov,A (2129) Moscow 2017}) 11... cxb3 12. c3 $1 b2 13. Ra2 Ne4 {[%cal Bf6e4,Be4c3,Bc3e2][%mdl 32] Strongly threatening ...Bxb5.} 14. a5 (14. Qb3 $14) 14... Qd8 $36 {[%mdl 2048] And now ...Bxb5 would win. Black fights for an advantage.} 15. Qb3 Bxb5 16. Bxb5 Rc8 $1 (16... g5 17. Bh2 $11) 17. Bxa6 bxa6 18. Rxb2 Nxc3 ({Much weaker is} 18... Rxc3 $6 19. Qb7 $11) 19. Qb7 $1 Ba3 20. Rb3 Ne2+ ({Resist} 20... Qxa5 21. Ra1 Nb5 22. Rbxa3 $1 Nxa3 23. Qe7 $16) 21. Kh1 Qxa5 22. Qxa7 $2 {Loses the game.} (22. Ra1 $15 Rc1+ 23. Rxc1 Nxc1 24. Rb1) 22... Nxf4 $19 23. exf4 {[#]} Bb4 $1 24. Qb7 {[#]} Rb8 $1 25. Qa7 Qb5 26. Ra1 a5 27. Qc7 Qe2 {Inhibits Qc2.} 28. Kg1 {[#]} Bd6 $1 {[%mdl 512] Against Qe5} 29. Qc3 Rxb3 ({Worse is} 29... Bxf4 30. Rxb8 Rxb8 31. Qxa5) 30. Qxb3 Bxf4 31. g3 (31. Qc3 $142) 31... Rb8 32. Qc3 Bd6 {[%cal Oa5a4,Bf4d6,Bd6g3,Bg3h4,Bh4f6][%mdl 32] Threatens to win with ...a4!} 33. Kg2 Rb2 34. Rf1 h6 {Hoping for ...a4.} 35. Qxa5 {[#]} Bxg3 $1 36. Qe1 Qxe1 37. Nxe1 {[%mdl 4096] Endgame KRB-KRN} Bh4 38. Nf3 Bf6 39. Ra1 g5 {Black is clearly winning.} 40. Ra8+ Kg7 41. Ra4 h5 42. Kg3 Re2 {Weighted Error Value: White=0.30/Black=0.07 (flawless)} 0-1

[Event "Svetozar Gligoric Masters 2022"]
[Site "Belgrade"]
[Date "2022.07.23"]
[Round "9.7"]
[White "Maksimovic, Bojan"]
[Black "Rohith Krishna S"]
[Result "1/2-1/2"]
[ECO "B23"]
[WhiteElo "2465"]
[BlackElo "2326"]
[Annotator "TA"]
[PlyCount "100"]
[EventDate "2022.07.18"]
[EventCountry "SRB"]
[SourceTitle "playchess.com"]
[Source "ChessBase"]
[SourceQuality "1"]
[TimeControl "40/5400+30:900+30"]

1. e4 c5 2. Nc3 Nc6 3. Bb5 Nd4 4. Nf3 Nxb5 5. Nxb5 d6 6. d4 a6 {B23: Closed Sicilian: Lines without g3.} 7. Nc3 cxd4 8. Qxd4 e5 {White has an edge.} 9. Qb4 Be7 {[#]} ({But not} 9... d5 10. Qb3 $16) 10. Nd5 $146 (10. O-O $5 ) ({Predecessor:} 10. O-O Nf6 11. Bg5 d5 12. Bxf6 gxf6 13. Qb3 d4 14. Nd5 b5 15. c3 Be6 16. cxd4 {1-0 (38) Graif,W (2254)-Hua,E (2301) Toronto 2019}) 10... Nf6 11. Nb6 ({White should try} 11. Nxe7 $11 Qxe7 12. Bg5) 11... a5 $1 $15 12. Qb5+ Bd7 13. Nxd7 Qxd7 14. Qxd7+ Kxd7 15. Nd2 d5 16. exd5 Nxd5 (16... Rhc8 {is more complex.} 17. c3 a4 18. Nf3 e4) 17. a4 Nb4 18. Kd1 Rhd8 19. c3 Nd3 $36 {[%mdl 2048] Black has the initiative.} 20. Rf1 Ke6 {Threatens to win with ...Bg5.} 21. Kc2 Bg5 22. Nb3 Nxc1 23. Nxc1 Rd2+ 24. Kb1 $1 b6 25. Nb3 (25. Ka2 $1 $11) 25... Re2 $17 26. Ka2 Re4 27. Rae1 Rxa4+ 28. Kb1 Kd6 (28... Kf5 $17 29. Rd1 Rh4) 29. g3 $11 g6 30. f4 exf4 31. Nd4 Rc4 $1 32. Nf3 Bh6 33. Ne5 Rc7 34. Re2 Kc5 35. gxf4 f5 (35... Rd8 $17 36. f5 Bg7 37. fxg6 fxg6) 36. h4 Rd8 37. h5 {The position is equal.} Rd6 38. hxg6 hxg6 39. Rg2 Re7 40. Rxg6 Rxg6 41. Nxg6 {[%mdl 4096] Endgame KRB-KRN} Re6 42. Nh4 Rf6 43. Kc2 b5 44. Re1 Bxf4 {[#] Hoping for ...Bg3.} 45. Rf1 Be5 46. Rxf5 Rxf5 47. Nxf5 b4 48. cxb4+ Kxb4 49. b3 a4 50. bxa4 Kxa4 {Weighted Error Value: White=0.10 (very precise) /Black=0.10 (very precise)} 1/2-1/2

[Event "Svetozar Gligoric Masters 2022"]
[Site "Belgrade"]
[Date "2022.07.23"]
[Round "9.8"]
[White "Stoyanov, Tsvetan"]
[Black "Kushagra Mohan"]
[Result "1-0"]
[ECO "C47"]
[WhiteElo "2450"]
[BlackElo "2359"]
[Annotator "TA"]
[PlyCount "73"]
[EventDate "2022.07.18"]
[EventCountry "SRB"]
[SourceTitle "playchess.com"]
[Source "ChessBase"]
[SourceQuality "1"]
[TimeControl "40/5400+30:900+30"]

1. e4 e5 2. Nf3 Nc6 3. d4 exd4 4. Nxd4 Nf6 5. Nxc6 bxc6 6. Bd3 d5 7. Nc3 Bb4 8. exd5 cxd5 9. O-O O-O 10. h3 Be7 11. Bg5 Be6 12. Qf3 h6 {C47: Scotch Four Knights and Four Knights with 4 g3.} 13. Bh4 c6 (13... d4 $5 14. Ne4 Nd5 15. Bxe7 Qxe7 $11) 14. Rad1 Rb8 {The position is equal.} 15. b3 Rb4 16. Bg3 Nd7 {[#]} (16... Bd6 $11 {remains equal.}) 17. Na4 $146 ({Predecessor:} 17. Rfe1 Nc5 18. Ne2 Bd6 19. Bxd6 Qxd6 20. Ng3 Qf4 21. Qxf4 Rxf4 22. Ne2 Rb4 23. c3 Nxd3 24. Rxd3 {1-0 (66) Martinez Pla,X (2016)-Obon Temprano,S (2294) Barcelona 2016}) 17... Nc5 18. c3 Rb7 19. Nxc5 Bxc5 20. Rfe1 Bd6 21. Bc2 {[#] Hoping for Qd3.} Bxg3 22. Qxg3 $40 {[%mdl 128] Threatens to win with Qd3. White attacks.} Qf6 23. Re5 a5 24. Rde1 {White is more active.} Rd7 25. Qd3 g6 26. Qe3 Kg7 27. Qc5 Rc8 28. Qxa5 c5 29. Qa6 Rdc7 $2 {[%mdl 8192] Black cannot hold the game after this.} (29... Re7 $16) 30. Rxe6 $18 fxe6 31. Rxe6 Qxc3 32. Rxg6+ {White mates.} Kh8 33. Rxh6+ Kg8 34. Qe6+ Kf8 35. Rf6+ Kg7 36. Rg6+ Kh8 {[#]} 37. Rg8+ $3 {[%mdl 512] Weighted Error Value: White=0.06 (flawless) /Black=0.41} 1-0

[Event "Svetozar Gligoric Masters 2022"]
[Site "Belgrade"]
[Date "2022.07.23"]
[Round "9.9"]
[White "Bazyrtsyrenov, Kirill"]
[Black "Srihari L R"]
[Result "1/2-1/2"]
[ECO "B12"]
[WhiteElo "2147"]
[BlackElo "2431"]
[Annotator "TA"]
[PlyCount "131"]
[EventDate "2022.07.18"]
[EventCountry "SRB"]
[SourceTitle "playchess.com"]
[Source "ChessBase"]
[SourceQuality "1"]
[TimeControl "40/5400+30:900+30"]

1. e4 c6 2. d4 d5 3. e5 Bf5 4. h4 h5 5. c4 e6 6. Nc3 Ne7 7. Nge2 $1 {7.Nge2 scores better than 7.Bg5. B12: Caro-Kann: Advance Variation.} dxc4 {[%cal Oc6c5] Threatening ...c5!} 8. Ng3 $1 b5 9. a4 ({White should play} 9. Bg5 $11) 9... b4 $1 $15 10. Nce4 Bxe4 11. Nxe4 Nf5 {[%csl LRd4,LRh4] Inhibits Nd6+.} 12. Bxc4 Qxd4 13. Qxd4 Nxd4 14. O-O Nd7 15. Rd1 Nf5 ({Don't play} 15... Nc2 16. Rb1 b3 17. Bxb3 $14) 16. Ba6 {[%cal Bc4a6,Ba6d3,Bd3e4][%mdl 32] [#] Bb7 is the strong threat.} Rb8 {[#] Inhibits Bb7.} 17. Bg5 $146 ({Predecessor:} 17. Bf4 Nc5 18. Nxc5 Bxc5 19. Rac1 Bd4 20. Rxc6 Bxb2 21. Rc2 Bc3 22. Bd2 Rd8 23. Rdc1 {0-1 (67) Ashwin,J (2472)-Sagar,S (2359) Varna 2013}) 17... Nc5 18. Nxc5 Bxc5 19. Bd3 {A strong pair of Bishops.} Be7 20. Be4 Rc8 21. Rac1 c5 22. Bxe7 Kxe7 23. Bxf5 exf5 $11 {[%mdl 4096] Endgame KRR-KRR} 24. Rd5 Rhd8 25. Rcxc5 Rxd5 26. Rxd5 $15 {KR-KR} f4 (26... Rc2 $15 27. b3 Rc3) 27. Rb5 $11 a5 28. Rxa5 {Black must now prevent Rb5.} Rc1+ 29. Kh2 {[#] aiming for Rb5.} Rc2 30. Rb5 Rxb2 31. a5 Rxf2 32. Kg1 Ra2 33. Rxb4 Rxa5 34. Rxf4 Rxe5 35. g3 Re2 36. Kf1 Ra2 37. Re4+ Kf6 38. Rf4+ Kg6 39. Rb4 f6 40. Rb5 Rh2 41. Kg1 $1 Re2 42. Kf1 Re5 43. Rb7 Kh6 44. Rb6 Ra5 45. Kg2 $1 Kg6 46. Rb7 Rf5 47. Ra7 Kh6 48. Ra6 g5 (48... Rc5 $15) 49. hxg5+ {The position is equal.} Kxg5 50. Ra4 Rb5 51. Rc4 f5 52. Ra4 Re5 53. Ra8 Re6 54. Rg8+ Rg6 55. Rh8 Kg4 56. Ra8 Kg5 57. Rh8 Rg7 58. Kf3 Rb7 59. Rg8+ Kf6 60. Rh8 Kg6 61. Rg8+ Rg7 62. Rh8 Rh7 63. Rg8+ Kf7 64. Rg5 h4 65. gxh4 Rxh4 66. Rxf5+ {Weighted Error Value: White=0.04 (flawless) /Black=0.04 (flawless)} 1/2-1/2

[Event "Svetozar Gligoric Masters 2022"]
[Site "Belgrade"]
[Date "2022.07.23"]
[Round "9.10"]
[White "Samant Aditya S"]
[Black "Ozer, Omer Faruk"]
[Result "1/2-1/2"]
[ECO "B66"]
[WhiteElo "2431"]
[BlackElo "2317"]
[Annotator "TA"]
[PlyCount "104"]
[EventDate "2022.07.18"]
[EventCountry "SRB"]
[SourceTitle "playchess.com"]
[Source "ChessBase"]
[SourceQuality "1"]
[TimeControl "40/5400+30:900+30"]

1. e4 c5 2. Nf3 Nc6 3. d4 cxd4 4. Nxd4 Nf6 5. Nc3 d6 6. Bg5 Bd7 7. Qd2 a6 8. O-O-O e6 9. Kb1 b5 10. f3 h6 11. Be3 h5 {B66: Sicilian: Richter-Rauzer: 7...a6 8 0-0-0 h6.} 12. Bg5 Be7 13. h4 Nxd4 14. Qxd4 Rc8 15. Qd2 Qc7 16. Bd3 {[#]} Qb7 $146 ({Predecessor:} 16... Qb6 17. Ne2 b4 18. Be3 Qb7 19. Nd4 O-O 20. Bg5 Rfe8 21. Qe2 Ra8 22. f4 Ng4 {1-0 (53) Diamant,A (2506)-Larrea,M (2276) Mar del Plata 2009}) 17. Ne2 b4 18. Nd4 a5 $1 19. Qe2 {Ba6 is the strong threat.} Rb8 (19... Rc7 $11) 20. e5 $14 dxe5 21. Qxe5 a4 (21... Qb6 $14) 22. Rhe1 {0x0.00144a54ff26dp-1022s more active pieces.} ({White should play} 22. Be4 $16 Qb6 23. Nc6 $1 ) 22... O-O 23. Bxf6 (23. Qg3 $14 Rfc8 24. Nf5 exf5 25. Rxe7) 23... Bxf6 $11 24. Qxh5 g6 $36 {[%mdl 2048] Black fights for an advantage.} 25. Qg4 (25. Bxg6 $11 fxg6 26. Qxg6+ Kh8 27. Qh6+ (27. Nxe6 Bxe6 28. Rxe6 Qf7 $11) 27... Kg8 28. Qg6+ (28. Nxe6 Bxe6 29. Rxe6 Qg7 $11) 28... Kh8 29. Qh5+ (29. Nxe6 Bxe6 30. Rxe6 Qf7 $11) 29... Kg8 30. Qg6+ (30. Nxe6 Bxe6 31. Rxe6 a3 $11)) 25... e5 $17 26. Bf5 {[#]} b3 $1 27. cxb3 {[#]} axb3 $1 28. a3 {[%cal Oh4h5] [#] And now h5! would win.} exd4 (28... Bc8 $1 $17 29. Bxc8 Rfxc8) 29. Bxd7 $11 {Threatens to win with h5. The position is equal.} Qd5 {Prevents h5.} ({But not} 29... Qc7 30. Bf5 $16) 30. h5 $1 Rfd8 {[%cal Bf8d8,Bd8d5,Bd5g5,Bg5c5,Bc5c2][%mdl 32] [#]} 31. Be6 {[%cal Bd7e6,Be6f5,Bf5d3,Bd3c4][%mdl 32] Intending Qxg6+ and mate. Dancing on a razor blade.} Qxh5 32. Qxh5 gxh5 33. Bf5 Rd5 34. Bd3 Rg5 35. Re2 h4 36. Bc4 Rc5 37. Bd3 Bg5 38. Re4 Be3 {aiming for ...Rbc8.} 39. Rg4+ Kf8 {( -> ...Rbc8)} 40. Rxh4 {Black must now prevent Rh8+.} Ke7 41. Ka1 Rc2 42. Rh5 ({Avoid the trap} 42. Bxc2 $2 bxc2 43. Rhh1 (43. Re4+ $2 Kf6 $19) 43... cxd1=N 44. Rxd1 Kd6 $19) 42... Rxg2 43. Rb5 Rxb5 44. Bxb5 {[%mdl 4096] Endgame KRB-KRB} d3 45. Bxd3 {Strongly threatening Re1.} Bd4 46. Rb1 Rf2 47. Bc4 Rxf3 48. Rf1 Rh3 49. Rxf7+ Kd6 50. Rf1 Rh2 51. Rb1 Rh3 $1 52. Rd1 Ke5 {Weighted Error Value: White=0.13 (very precise) /Black=0.10 (very precise)} 1/2-1/2

[Event "Svetozar Gligoric Masters 2022"]
[Site "Belgrade"]
[Date "2022.07.23"]
[Round "9.11"]
[White "Ilamparthi A R"]
[Black "Radovanovic, Nikola"]
[Result "0-1"]
[ECO "A05"]
[WhiteElo "2153"]
[BlackElo "2422"]
[Annotator "TA"]
[PlyCount "96"]
[EventDate "2022.07.18"]
[EventCountry "SRB"]
[SourceTitle "playchess.com"]
[Source "ChessBase"]
[SourceQuality "1"]
[TimeControl "40/5400+30:900+30"]

1. e4 c5 2. Nf3 d6 3. d3 Nc6 4. g3 g6 5. Bg2 Bg7 6. O-O Nf6 7. Re1 O-O 8. c3 e5 9. a3 {9.a4 is more fashionable.} b5 {A05: Réti Opening: 1 Nf3 Nf6.} 10. h3 a5 11. Be3 a4 {Black has an edge.} 12. Nbd2 {[#]} Qe7 $146 ({Predecessor:} 12... Nd7 13. Nf1 Nb6 14. Qd2 Na5 15. Rad1 Nb3 16. Qe2 Bb7 17. d4 Qc7 18. N1d2 cxd4 19. cxd4 exd4 {0-1 (32) Amin,B (2686)-Wojtaszek,R (2719) ICC INT 2020}) 13. d4 c4 14. Qc2 Na5 15. Rad1 Bb7 16. g4 (16. Nh2 $11 {is superior.}) 16... Rae8 $15 17. d5 Bc8 18. Nf1 Nd7 19. Ng3 Nb3 20. Kh2 Ndc5 21. Bf1 f6 22. Be2 Rf7 23. Rg1 Qf8 24. Rdf1 Kh8 25. h4 (25. Bd1 $17) 25... Bxg4 26. Nxe5 fxe5 27. Bxg4 Bh6 28. h5 {[#]} Nd3 $1 {Black is more active.} 29. hxg6 $2 (29. Qe2 $17) 29... hxg6 $19 30. Rh1 ({Much worse is} 30. Be6 Rh7 31. Kg2 Bxe3 32. fxe3 Qh6 $19) 30... Rh7 (30... Bxe3 $19 31. fxe3 Rxf1 32. Rxf1 Qh6+ 33. Bh3 Qxe3) 31. Kg2 $17 {[#]} Nf4+ $1 {Pair of Knights!} 32. Kg1 Qe7 33. f3 $2 (33. Qd1 $17) 33... Kg7 {...Reh8 is the strong threat.} 34. Bxf4 Bxf4 {The board is on fire.} 35. Rxh7+ Kxh7 36. Kg2 Kg7 {White must now prevent ...Bxg3.} ({Don't take} 36... Qh4 37. Rh1 Bxg3 38. Rxh4+ Bxh4 39. Bd7 $18) 37. Rh1 Nc5 38. Ne2 $2 (38. Qf2 {is more resistant.}) 38... Be3 $19 39. Rh3 (39. Ng1 $142 Nd3 40. Qd1) 39... Nd3 {Threatens to win with ...Ne1+.} 40. Qb1 {Against Ne1+} Nf2 41. Rh2 Qg5 42. Ng3 Rf8 43. Qe1 Nxg4 44. fxg4 Rf2+ 45. Kh1 Qf4 {Black mates.} 46. Rg2 Qf3 47. Qg1 Rc2 48. Qf1 Rc1 {Weighted Error Value: White=0.51/Black=0.21 (precise)} 0-1

[Event "Svetozar Gligoric Masters 2022"]
[Site "Belgrade"]
[Date "2022.07.23"]
[Round "9.13"]
[White "Kalogridis, Antonios"]
[Black "Song, Raymond"]
[Result "0-1"]
[ECO "D31"]
[WhiteElo "2272"]
[BlackElo "2499"]
[Annotator "TA"]
[PlyCount "126"]
[EventDate "2022.07.18"]
[EventCountry "SRB"]
[SourceTitle "playchess.com"]
[Source "ChessBase"]
[SourceQuality "1"]
[TimeControl "40/5400+30:900+30"]

1. d4 d5 2. c4 e6 3. Nc3 a6 4. cxd5 exd5 5. Bf4 c6 6. e3 {D31: Queen's Gambit Declined: Semi-Slav without ...Nf6 (+ Marshall Gambit and Noteboom) and Exchange Variation lines without ...Nf6.} Bd6 7. Qf3 Ne7 8. Bxd6 {White is slightly better.} Qxd6 9. Bd3 {[#]} O-O $146 ({Predecessor:} 9... Nd7 10. Nge2 Nf6 11. h3 Ng6 12. Bxg6 hxg6 13. O-O-O Bf5 14. Qg3 Qe7 15. Qf4 b5 {½-½ (55) Garcia Roman,D (2423)-Hernando Rodrigo,J (2318) Linares 2016}) 10. Nge2 Nd7 11. O-O Nf6 12. h3 Ng6 13. Rae1 Re8 14. Ng3 Bd7 15. Nh5 Nxh5 16. Qxh5 Nf8 17. Qh4 Re6 18. Ne2 Rae8 19. a3 R6e7 20. Qf4 Qxf4 21. Nxf4 Bc8 22. Bc2 Nd7 23. Nd3 Nb6 24. b3 Bf5 25. Nb4 Bxc2 26. Nxc2 Nc8 27. Nb4 Nd6 28. Nd3 f6 29. Rc1 g5 30. g3 Kg7 31. Kg2 Kg6 32. Rh1 Nf5 33. h4 gxh4 34. g4 Nxe3+ $1 35. fxe3 Rxe3 36. Rh3 (36. Rce1 $5 Rg3+ 37. Kf2 Rxe1 38. Nxe1 $15) 36... Kg5 37. Nf2 Rxh3 38. Nxh3+ Kxg4 $15 {[%mdl 4096] Endgame KRN-KR} 39. Nf2+ Kf5 {White must now prevent ...Re3.} (39... Kh5 $5 40. Kf3 Rg8 $17) 40. Rc3 {Against Re3} (40. Rh1 $1 $11) 40... Re2 41. Rf3+ Kg5 42. Kh3 ({Better is} 42. Rd3) 42... f5 $17 43. Nd3 a5 44. Ne5 c5 45. Nf7+ Kf6 46. Nd6 (46. Nh6 $17 {was worth a try.} cxd4 47. Nxf5) 46... cxd4 $19 {[#] Strongly threatening ...Re3.} 47. Nxf5 Ke5 {And now ...Ke4 would win.} 48. Nxh4 Ke4 {aiming for ...Re3.} 49. Kg3 $2 (49. Rf7 d3 50. Re7+ Kf4 51. Rf7+ Ke3 52. Re7+ Kd2 53. Nf3+ Kc1 54. Rc7+ Rc2 55. Rxb7) 49... Re3 50. Kf2 Rxf3+ 51. Nxf3 {KN-KP} Kd3 52. b4 axb4 53. axb4 b5 54. Ng5 h5 {[%cal Bh7h5,Bh5h4][%mdl 32] ( -> ...h4)} 55. Ne6 h4 {Black mates.} 56. Nf4+ Ke4 57. Ne6 {[#]} d3 $1 58. Ke1 Ke3 59. Ng5 Kf4 60. Ne6+ Kg4 61. Nc5 h3 62. Nxd3 h2 63. Nf2+ Kf3 {Weighted Error Value: White=0.36/Black=0.03 (flawless)} 0-1

[Event "Svetozar Gligoric Masters 2022"]
[Site "Belgrade"]
[Date "2022.07.23"]
[Round "9.14"]
[White "Serikbay, Assel"]
[Black "Muthaiah AL"]
[Result "0-1"]
[ECO "D52"]
[WhiteElo "2227"]
[BlackElo "2401"]
[Annotator "TA"]
[PlyCount "116"]
[EventDate "2022.07.18"]
[EventCountry "SRB"]
[SourceTitle "playchess.com"]
[Source "ChessBase"]
[SourceQuality "1"]
[TimeControl "40/5400+30:900+30"]

1. d4 d5 2. Nf3 Nf6 3. c4 c6 4. Nc3 e6 5. Bg5 Nbd7 6. e3 Qa5 7. Nd2 Bb4 8. Qc2 dxc4 9. Bxf6 Nxf6 10. Nxc4 Qc7 11. Bd3 c5 $1 {[%mdl 4] outshines the older 11...0-0. D52: Queen's Gambit Declined: Cambridge Springs Variation.} 12. O-O {Hoping for Nb5.} Bd7 {Against Nb5} 13. Ne5 {Threatening Nb5. Pair of Knights!} (13. a3 {with more complications.} cxd4 14. axb4 dxc3 15. Qxc3 O-O 16. Ne5) 13... cxd4 {The position is equal.} 14. Nxd7 Nxd7 15. exd4 {[#]} Bxc3 $146 (15... Nb6 {feels hotter.} 16. Bb5+ Kf8 17. Qb3 Bxc3 18. bxc3 g6) ({Predecessor:} 15... g6 16. d5 e5 17. d6 Bxd6 18. Qd2 a6 19. Bb5 Qb6 20. Ne4 axb5 21. Nxd6+ Ke7 {1-0 (28) Lueders,G (2219)-Muench,R (1815) Berlin 2008}) 16. bxc3 (16. Rac1 {keeps more tension.} g6 17. d5 exd5 18. Rfe1+) 16... g6 17. Bb5 O-O 18. Bxd7 Qxd7 19. Rfe1 Rac8 20. Qd2 Rc4 21. Re3 Rfc8 22. Rb1 Qc6 23. Rb3 a5 24. h4 a4 $1 25. Rb1 Rxc3 26. Ree1 (26. Rxc3 {keeps fighting.} Qxc3 27. Qxc3 Rxc3 28. Rxb7) 26... Rc2 27. Qf4 Rxa2 28. h5 Qc7 $1 29. Qf6 {Intending h6 and mate.} Qd8 (29... gxh5 30. Rb5 Rc2 31. Rg5+ (31. Rxh5 Rc1 $16) 31... Kf8 32. Rg7 $18) 30. Qxd8+ Rxd8 31. Rxb7 $17 {[%mdl 4096] Endgame KRR-KRR} Rd2 (31... Rxd4 32. h6 Rd8 33. Rc1 $17) 32. Rc1 R2xd4 {And now ...Rd1+ would win.} 33. Rcc7 Rf4 ({Worse is} 33... gxh5 34. Rxf7 h4 35. Rg7+ Kh8 36. Rxh7+ Kg8 37. Rhg7+ Kh8 38. Rh7+ Kg8 39. Rhg7+ Kh8 40. Rh7+ $11) 34. h6 Rf8 35. g3 {[#]} Rf5 36. Ra7 Rh5 37. Rxa4 Rxh6 38. Ra5 {[#]} Kg7 $1 39. Kg2 Kf6 40. Rcc5 Rd8 41. Rcb5 Rg8 42. Rg5 Re8 43. Rge5 Re7 44. Reb5 e5 45. Rb6+ (45. g4 $19) 45... Kg7 46. g4 $2 {Against Rh5. Loses the game.} (46. Rbb5 $17) 46... Rh4 $19 47. Kg3 Rh1 48. Rbb5 h5 49. gxh5 Rxh5 50. Kg2 Rf5 51. f3 Kf6 {White must now prevent ...Rd7.} 52. Kf2 $2 (52. Ra4) 52... Rc7 {Black is clearly winning.} 53. Rb6+ Kg5 54. Rb3 e4 55. Rxf5+ Kxf5 56. fxe4+ Kxe4 57. Kg3 Kf5 58. Rb5+ Kf6 {Weighted Error Value: White=0.25 (precise) /Black=0.02 (flawless)} 0-1

[Event "Svetozar Gligoric Masters 2022"]
[Site "Belgrade"]
[Date "2022.07.23"]
[Round "9.15"]
[White "Joshua, A P"]
[Black "Harikrishnan.A.Ra"]
[Result "1-0"]
[ECO "D11"]
[WhiteElo "2153"]
[BlackElo "2396"]
[Annotator "TA"]
[PlyCount "79"]
[EventDate "2022.07.18"]
[EventCountry "SRB"]
[SourceTitle "playchess.com"]
[Source "ChessBase"]
[SourceQuality "1"]
[TimeControl "40/5400+30:900+30"]

1. d4 d5 2. c4 c6 3. Nf3 Nf6 4. g3 Bf5 5. Nc3 e6 6. Nh4 {D11: Slav Defence: 3 Nf3 sidelines and 3...Nf6 4 e3 Bg4.} dxc4 7. Nxf5 exf5 8. Bg2 {The position is equal.} Nbd7 9. d5 {[%mdl 1024] [#] White has compensation.} c5 $146 (9... cxd5 $11 10. Nxd5 Bc5) ({Predecessor:} 9... cxd5 10. O-O Nb6 11. Be3 Be7 12. Bxb6 axb6 13. Nxd5 b5 14. Ne3 Qc8 15. a4 Bc5 {½-½ (42) Srihari,L (2400)-Abdisalimov,A (2435) Ahmedabad 2022}) 10. O-O Bd6 11. Nb5 Ne5 (11... Qb6 $14 12. Nxd6+ Qxd6) 12. Qc2 $1 $16 g6 13. Bh6 (13. f4 $1 $16 Neg4 14. h3 (14. Qxc4 O-O $16)) 13... a6 $1 $14 14. Nxd6+ Qxd6 15. b3 (15. Rfc1 {with more complications.} Nfg4 16. Bf4 O-O 17. b3) 15... cxb3 16. Qxb3 ({White should play} 16. Qb2 $16) 16... b5 $11 17. Rfc1 c4 (17... Nfd7 $11) 18. Qc3 Rc8 (18... Nxd5 $2 19. Bxd5 Qxd5 20. Bg7 $18) (18... Nfd7 $11 {keeps the balance.}) 19. Rab1 $16 Rg8 (19... Nxd5 $2 20. Bxd5 Qxd5 21. Bg7 $18) 20. Bf4 {A strong pair of Bishops.} Nfd7 21. a4 $1 bxa4 22. Qa5 f6 23. Qxa4 {Rb7 is the strong threat.} Ke7 (23... Kf7 $142) 24. Rb7 {Strongly threatening Bd2.} Rb8 25. Ra7 Ra8 26. Bxe5 {The board is on fire. White is more active.} fxe5 {[#]} 27. Rxa8 Rxa8 28. Qxc4 {And now Qh4+ would win.} (28. Rxc4 Nb6 29. Qb3 (29. Qc6 Qxc6 30. Rxc6 Nd7 $11) 29... Nxc4 30. Qb7+ Qd7 31. Qxa8 e4 $11) 28... e4 29. f3 Ne5 30. Qd4 {Threatens to win with f4.} exf3 31. exf3 Kf7 {[#] Black cannot hold the game after this.} (31... Kf8 $16 {was necessary.} 32. f4 Nf7) 32. f4 $1 $18 Nd7 33. Rc6 Qe7 34. h3 ({But not} 34. Rc7 $6 Qd6 35. Rc6 Qe7 $18) 34... a5 $2 (34... Kg8 35. d6 Qf6 36. Qd5+ Kh8) 35. d6 Qf6 36. Qd5+ Kg7 $2 (36... Kf8 37. Kh2 (37. Rc7 Rd8 $18) 37... a4) 37. Rc7 Rd8 38. Qe5 Kh6 (38... Qxe5 $142 39. fxe5 Kh6) 39. Qe7 Qd4+ 40. Kh2 {Weighted Error Value: White=0.16 (very precise) /Black=0.45} 1-0